 Dungeon Crawl Stone Soup version 0.21.1-1-g345015f (webtiles) character file.

1080 goulibeur the Agent of Entropy (level 8, -3/62 HPs)
             Began as a Demonspawn Abyssal Knight on July 16, 2018.
             Was a Priest of Lugonu.
             Killed by divine providence
             ... invoked by an orc priest
              (14 damage)
             ... on level 5 of the Dungeon.
             The game lasted 00:26:01 (5137 turns).

goulibeur the Agent of Entropy (DsAK)               Turns: 5137, Time: 00:26:02

Health: -3/62      AC: 11    Str: 14    XL:     8   Next: 8%
Magic:  5/14       EV:  8    Int: 13    God:    Lugonu [***...]
Gold:   236        SH:  0    Dex: 14    Spells: 7/7 levels left

rFire    . . .     SeeInvis +   u - +0 long sword
rCold    . . .     Gourm    .   (no shield)
rNeg     . . .     Faith    .   m - +0 chain mail
rPois    .         Spirit   .   (helmet unavailable)
rElec    .         Reflect  .   (no cloak)
rCorr    .         Harm     .   (no gloves)
MR       .....                  (no boots)
Stlth    ..........             d - amulet of regeneration
HPRegen  0.60/turn              (no ring)
MPRegen  0.14/turn              (no ring)

@: no status effects
A: antennae 3, slimy green scales 1, nightstalker 1
a: Depart the Abyss, Bend Space, Banish, Renounce Religion


You were on level 5 of the Dungeon.
You worshipped Lugonu.
Lugonu was most pleased with you.
You were very hungry.

You visited 1 branch of the dungeon, and saw 5 of its levels.
You visited the Abyss 1 time.
You also visited: Ossuary.

You collected 236 gold pieces.

Inventory:

Hand Weapons
 a - a +1 short sword
 u - a +0 long sword (weapon)
Armour
 b - a +1 leather armour
 l - a +0 scale mail
 m - a +0 chain mail (worn)
Jewellery
 d - an amulet of regeneration (around neck)
 o - an uncursed amulet of faith {unknown}
Wands
 t - a wand of paralysis (17)
Scrolls
 h - 2 scrolls of teleportation
 i - 2 scrolls of remove curse
 j - a scroll of amnesia
Potions
 e - 3 potions of curing
 f - a potion of mutation {unknown}
 g - a potion of haste {unknown}
 k - 2 potions of flight
 n - a potion of invisibility {unknown}
 q - a potion of heal wounds {unknown}
 v - a potion of magic {unknown}
Comestibles
 c - 7 rations
 p - a chunk of flesh


   Skills:
 + Level 5.2 Fighting
 - Level 1.7 Short Blades
 + Level 4.1 Armour
 + Level 3.8 Dodging
 * Level 8.2 Invocations


You had 7 spell levels left.
You didn't know any spells.

Dungeon Overview and Level Annotations

Branches:
Dungeon (5/15)             Temple (0/1) D:4

Altars:
Trog
Yredelemnul

Shops:
D:5 (

Annotations:
Abyss:1 Menkaure


Innate Abilities, Weirdness & Mutations

You have a pair of large antennae on your head. (SInv)
You are partially covered in slimy green scales. (AC +2)
You are slightly more attuned to the shadows.


Message History

The orc wizard closely misses you.
You riposte.
You hit the orc wizard.
The orc wizard is heavily wounded.
Press: ? - help, Shift-Dir - straight line, f/p - orc wizard
Aim: an orc wizard, wielding a dagger and wearing a robe (heavily wounded, fast, chance to defeat MR: 85%)
The orc wizard is devoured by a tear in reality.
Lugonu claims a new guest.
You feel quite a bit more hungry.
Press: ? - help, Shift-Dir - straight line, f - worker ant
Aim: a worker ant (translocational energy, chance to defeat MR: 90%)
The worker ant is devoured by a tear in reality.
Lugonu claims a new guest.
You are feeling very hungry.
You don't have enough magic at the moment.
The phantom blinks!
The orc priest mumbles some strange prayers to Beogh against you.
Beogh smites you!
* * * LOW HITPOINT WARNING * * *
The orc priest invokes the aid of Beogh against you.
Beogh smites you!
You die...

#...#######.# #<#
#.#.8..∩..8.# #.#
#W#########.# #.# * #.#
#.# #.# * #.# #.# #.# * *
#{# *#.## #.# * * #.#
*#.#.## #{# *
*****#####.#######.###.##
#{# *
,,,,.......o...O@.#*
##O####.# *
,***#.##########.##
##.{{..# * ,,,,,,* ##.#*
*#.###### * *,*****
*#.#*#.#********* **,**
*#.#..,,,,,,,,,, **,*
*#.#*********** **,** ###
*,** ,**


You could see an ogre and an orc priest.

Vanquished Creatures
  An elf zombie (Ossuary)
  3 centaur zombies (Ossuary)
  3 human zombies (Ossuary)
  2 hounds (D:4)
  An orc priest (D:4)
  2 orc wizards
  A worker ant (D:4)
  A big kobold zombie (Ossuary)
  A hound zombie (D:5)
  3 mummies (Ossuary)
  4 gnolls (D:3)
  8 adders
  An adder skeleton (D:4)
  5 adder zombies (Ossuary)
  6 worms
  A dart slug (D:2)
  2 leopard geckos
  16 orcs
  4 giant cockroaches
  11 goblins
  9 hobgoblins
  4 jackals (D:3)
  3 quokkas
  9 bats
  6 frilled lizards
  4 goblin zombies (Ossuary)
  2 hobgoblin zombies (Ossuary)
  3 jackal zombies (Ossuary)
  11 kobolds
  4 kobold zombies (Ossuary)
  An orc zombie (Ossuary)
  5 quokka zombies (Ossuary)
  9 rats
  2 rat zombies (Ossuary)
  A spectral orc (D:4)
149 creatures vanquished.

Vanquished Creatures (others)
  The ghost of wojtek the Chopper, an amateur MiFi of Okawaru (D:4)
  A sky beast (D:4)
  An ogre (D:5)
  2 orc wizards
  A worker ant (D:5)
6 creatures vanquished.

Grand Total: 155 creatures vanquished

Notes
Turn   | Place    | Note
-------+----------+-------------------------------------------
     0 | Abyss:1  | goulibeur the Demonspawn Abyssal Knight began the quest for the Orb.
     0 | Abyss:1  | Reached XP level 1. HP: 18/18 MP: 2/2
    15 | Abyss:1  | Noticed a small abomination
    34 | Abyss:1  | Noticed a storm dragon skeleton
    35 | D:1      | Escaped the Abyss
    85 | D:1      | Reached skill level 1 in Dodging
   296 | D:1      | Reached * piety under Lugonu
   296 | D:1      | Gained mutation: You have a pair of small antennae on your head. [demonic ancestry]
   296 | D:1      | Reached XP level 2. HP: 11/24 MP: 4/4
   653 | D:1      | Reached skill level 3 in Invocations
  1183 | D:2      | HP: 1/24 [leopard gecko (1)]
  1196 | D:2      | Reached XP level 3. HP: 5/29 MP: 5/5
  1273 | D:2      | Found a bloodstained altar of Trog.
  1469 | D:2      | Reached ** piety under Lugonu
  1553 | D:2      | Reached skill level 4 in Invocations
  1600 | D:2      | Gained mutation: You are slightly more attuned to the shadows. [demonic ancestry]
  1600 | D:2      | Reached XP level 4. HP: 33/35 MP: 7/7
  2162 | D:3      | Gained mutation: You have a pair of antennae on your head. [demonic ancestry]
  2162 | D:3      | Reached XP level 5. HP: 35/42 MP: 8/8
  2381 | D:3      | Reached skill level 5 in Invocations
  2666 | D:3      | Reached *** piety under Lugonu
  3242 | D:4      | Gained mutation: You are partially covered in slimy green scales. (AC +2) [demonic ancestry]
  3242 | D:4      | Reached XP level 6. HP: 48/48 MP: 10/10
  3398 | D:4      | Found a sand-covered staircase.
  3405 | Ossuary  | Entered an ossuary
  3451 | Ossuary  | Reached skill level 6 in Invocations
  3804 | Ossuary  | Gained mutation: You have a pair of large antennae on your head. (SInv) [demonic ancestry]
  3804 | Ossuary  | Reached XP level 7. HP: 48/55 MP: 11/11
  3886 | Ossuary  | Reached **** piety under Lugonu
  4061 | Ossuary  | Reached skill level 7 in Invocations
  4229 | D:4      | Noticed Menkaure
  4230 | D:4      | Banished Menkaure
  4268 | D:4      | Found a staircase to the Ecumenical Temple.
  4388 | D:4      | Noticed wojtek's ghost (amateur MiFi)
  4389 | D:4      | Banished wojtek's ghost
  4424 | D:4      | Found a basalt altar of Yredelemnul.
  4584 | D:4      | Reached skill level 5 in Fighting
  4674 | D:5      | Entered Level 5 of the Dungeon
  5003 | D:4      | Reached skill level 8 in Invocations
  5003 | D:4      | Reached XP level 8. HP: 20/62 MP: 12/14
  5102 | D:5      | Found Becvyisa's Weapon Shoppe.
  5137 | D:5      | Killed from afar by an orc priest

Skill      XL: |  1  2  3  4  5  6  7 |
---------------+----------------------+-----
Dodging        | 1 2 3 |  3.8
Invocations    | 3 4 5 6 8 |  8.2
Armour         | 2 3 4 |  4.1
Fighting       | 4 5 |  5.2
Short Blades   | |  1.7

Action                   |  1- 3 |  4- 6 |  7- 9 || total
-------------------------+-------+-------+-------++-------
Melee: Short sword       |   174 |   527 |   201 ||   902
       Long sword        |       |       |    49 ||    49
Invok: Depart the Abyss  |     1 |       |       ||     1
       Banish            |       |       |     7 ||     7
  Use: Scroll            |     2 |     4 |     5 ||    11
  Eat: Chunk             |     2 |     8 |     3 ||    13
       Ration            |       |       |     1 ||     1
Armor: Leather armour    |    67 |     6 |       ||    73
       Scale mail        |       |    26 |       ||    26
       Chain mail        |       |   241 |   149 ||   390
Dodge: Dodged            |   104 |   139 |    98 ||   341
       Rpst.: Long sword |       |       |     5 ||     5
